[Event "*** Biggest EVER Titled Tuesday"]
[Site "Chess.com"]
[Date "2018.04.17"]
[Round "5"]
[White "Rakhmanov_Aleksandr"]
[Black "GeorgMeier"]
[Result "1-0"]
[WhiteElo "2652"]
[BlackElo "2774"]
[TimeControl "180+2"]
[EndTime "14:10:33 PDT"]
[Termination "Rakhmanov_Aleksandr won by resignation"]

1. c4 e6 2. e4 d5 3. exd5 exd5 4. d4 Nf6 5. Nc3 Bb4 6. Bd3 O-O 7. Ne2 dxc4 8.
Bxc4 Nc6 9. a3 Bd6 10. Bg5 h6 11. Bh4 Be7 12. O-O Nh5 13. Bxe7 Nxe7 14. Re1 c6 15. Ba2 Bf5 16. d5 cxd5 17. Nxd5 Nxd5 18. Bxd5 Nf6 19.
Ba2 Qxd1 20. Raxd1 Rfe8 21. f3 Kf8 22. Nd4 Bd7 23. Kf2 Rxe1 24. Rxe1 Rc8 25. g4 Ne8 26. h4 Nd6 27. Kg3 Rc5 28. Rd1 Ke7 29. Rd2 b6 30.
Ne2 Be6 31. Bxe6 fxe6 32. Nf4 Nc4 33. Re2 Rc6 34. g5 hxg5 35. hxg5 b5 36. Kg4 a5 37.
Kh5 Kf7 38. b3 Nb6 39. Rd2 Rc5 40. Rd8 Nd5 41. Nxd5 Rxd5 42. Ra8 b4 43. axb4 axb4 44. Ra7+ Kf8 45. Kg6 Rf5 46. Rb7 Rf4 47. Rb8+ Ke7 48.
Kxg7 Rxf3 49. Rxb4 e5 50. g6 Rg3 51. Kh7 Kf6 52.
Rb6+ Kf5 53. g7 Rh3+ 54. Kg8 Rc3 55. Rb8 Kg6 56. Kf8 Rf3+ 57. Kg8 Kf6 58. Rf8+ 1-0

[Event "*** Biggest EVER Titled Tuesday"]
[Site "Chess.com"]
[Date "2018.04.17"]
[Round "5"]
[White "SenseiJulio"]
[Black "GameOverBro"]
[Result "1-0"]
[WhiteElo "2622"]
[BlackElo "2442"]
[TimeControl "180+2"]
[EndTime "14:10:33 PDT"]
[Termination "SenseiJulio won by resignation"]

1. Nf3 d6 2. d4 Nf6 3. g3 Nbd7 4. Bg2 e5 5. O-O Be7 6. c4 O-O 7. Nc3 c6 8. e3 a5 9. b3 Qc7 10. Bb2 Re8 11. Rc1 Nf8 12. c5 exd4 13. cxd6 Qxd6 14. Nxd4 Bg4 15. Qc2 Rad8 16. Nf5 Bxf5 17. Qxf5 Qe6 18. Qc2 h5 19. Ne2 Ng6 20. Nd4 Qc8 21. Nf5 Qc7 22.
e4 Ne5 23. Rcd1 Rxd1 24. Nxe7+ Rxe7 25. Rxd1 Rd7 26. Rxd7 Nfxd7 27. h3 Qd6 28. Qc3 Qd1+ 29. Kh2 Qe2 30. f4 Nf3+ 31. Qxf3 Qxb2 32. Qxh5 Qxa2 33. Qg4 Nf8 34. Qf3 b5 35. e5 a4 36. bxa4 bxa4 37.
Qxc6 a3 38. f5 Qb2 39. e6 fxe6 40. fxe6 Qe5 41. Qa6 Nxe6 42. Qxa3 Qe2 43. Qe7 Kh8 44.
h4 Kh7 45. Qd6 g6 46. Qd5 Qe3 47. Be4 Qf2+ 48. Kh3 Qf1+ 49. Bg2 Qf6 50. Kh2 Ng7 51. Qe4 Nf5 52. Qg4 Qe5 53. Qg5 Qe2 54. Kh3 Ne3 55. Qe7+ Kh6 56. Qg5+ Kh7 57. Qe7+ Kh6 58. Qe4 Qf2 59.
Qf3 Qxg2+ 60. Qxg2 Nxg2 61. Kxg2 g5 62. Kh3 gxh4 63. Kxh4 Kg6 64. Kg4 Kf6 65. Kh5 Kg7 66.
Kg5 Kh7 67. Kf6 Kg8 68. g4 Kf8 69. Kg6 Kg8 70. g5 Kh8 71. Kf7 Kh7 72. g6+ 1-0

[Event "*** Biggest EVER Titled Tuesday"]
[Site "Chess.com"]
[Date "2018.04.17"]
[Round "5"]
[White "Annawel"]
[Black "ZapataCharlesS"]
[Result "0-1"]
[WhiteElo "2859"]
[BlackElo "2703"]
[TimeControl "180+2"]
[EndTime "14:10:41 PDT"]
[Termination "ZapataCharlesS won by resignation"]

1. Nf3 d5 2. c4 c6 3. g3 Nf6 4. Bg2 Bg4 5. Ne5 Be6 6. cxd5 Bxd5 7. Nf3 Nbd7 8. Nc3 Bxf3 9. Bxf3 e6 10. d4 Be7 11.
O-O O-O 12. Bg2 Nd5 13. e4 Nxc3 14. bxc3 Qa5 15. Bd2 Nb6 16. Qb3 c5 17. Rfd1 c4 18.
Qc2 Qa4 19. Qb1 e5 20. dxe5 Bc5 21. Be1 Rae8 22. Kh1 Rxe5 23. f4 Ree8 24. e5 f6 25. Be4 g6 26. Bxb7 fxe5 27. Bd2 exf4 28. Bxf4 Qa5 29.
Qc2 Be7 30. Bc6 Rc8 31. Be4 Bf6 32. Rac1 Rfe8 33. Rd6 Be5 34. Rcd1 Bxf4 35. gxf4 Qh5 36. Rg1 Re7 37. Qg2 Rf8 38. Bxg6 hxg6 39. Rxg6+ Kf7 40. Rg7+ Ke8 41. Qc6+ Rd7 42. R7g5 Qf7 43. Re5+ Kd8 44. f5 Qf6 45. Qc5 Qd6 46. Qe3 Qc6+ 47. Qe4 Qxe4+ 48. Rxe4 Rxf5 49. a4 Kc7 50. a5 Rxa5 51. h4 Rh5 52. Kh2 Rdh7 53. Kh3 Rd5 54. Rg3 a5 55. Kg4 a4 56.
Rge3 a3 57. Re2 Ra5 58. Ra2 Rg7+ 59. Kh3 Kc6 60. Re6+ Kc5 61. Re8 Nd5 62. Rc8+ Rc7 63. Rxc7+ Nxc7 64. h5 Nb5 65. h6 Ra6 66. Kg4 Rxh6 67.
Kf4 0-1

[Event "*** Biggest EVER Titled Tuesday"]
[Site "Chess.com"]
[Date "2018.04.17"]
[Round "5"]
[White "itisabigworld"]
[Black "Vusatiuk_Vladimir"]
[Result "0-1"]
[WhiteElo "2222"]
[BlackElo "2217"]
[TimeControl "180+2"]
[EndTime "14:10:41 PDT"]
[Termination "Vusatiuk_Vladimir won by resignation"]

1. e4 c5 2. Nf3 d6 3. c4 g6 4. Nc3 Bg7 5. d4 cxd4 6. Nxd4 Nf6 7. Be2 Nc6 8. Be3 O-O 9. O-O Nxd4 10. Bxd4 Be6 11.
Qd2 a6 12. f3 Rc8 13. b3 Nd7 14. Rac1 Qa5 15. Bxg7 Kxg7 16. Kh1 b5 17. cxb5 axb5 18. Qd4+ Nf6 19. b4 Qa3 20. Bxb5 Bxa2 21. Be2 e5 22. Qd2 Be6 23. b5 Rfd8 24. f4 d5 25. fxe5 Nxe4 26. Nxe4 dxe4 27. Qg5 Qb2 28. Qf6+ Kg8 29. Rce1 Rd2 30. Rb1 Qc2 31. b6 Rxe2 32. b7 Rb8 33.
Rbd1 Qc7 34. Rd6 Rb2 35. Rxe6 fxe6 36. Qxe6+ Kh8 37. h4 R2xb7 38. h5 Rb6 39. Qd5 gxh5 40. e6 Rb1 41. Qd4+ Qg7 42. Qf2 Rxf1+ 43. Qxf1 Rf8 44. Qe1 Qf6 45. Qb4 Re8 46. Kh2 Qxe6 47. Kg1 Rg8 48. Qc3+ Rg7 49. Qb2 Qg8 50. Kh2 h6 51. Kh3 Kh7 52. Kh4 Qd8+ 53. Kh3 Qd7+ 54. Kh2 Qc7+ 55.
Kh1 Qg3 56. Qe2 Qxg2+ 57. Qxg2 Rxg2 58. Kxg2 Kg6 59. Kf2 Kf5 60. Ke3 h4 61. Ke2 0-1

[Event "*** Biggest EVER Titled Tuesday"]
[Site "Chess.com"]
[Date "2018.04.17"]
[Round "5"]
[White "twitchTriniCupid"]
[Black "Eliwood44"]
[Result "1-0"]
[WhiteElo "2163"]
[BlackElo "2136"]
[TimeControl "180+2"]
[EndTime "14:10:45 PDT"]
[Termination "twitchTriniCupid won by resignation"]

1. d4 Nf6 2. c4 e6 3. Nf3 d5 4. e3 Be7 5. Nbd2 O-O 6. Be2 b6 7. b3 Bb7 8. Bb2 Nbd7 9. O-O dxc4 10. Nxc4 c5 11. Rc1 Rc8 12. Bd3 cxd4 13. exd4 Nd5 14.
Be4 N7f6 15. Bb1 Nf4 16. Ne3 Rxc1 17. Bxc1 Bxf3 18. Qxf3 Qxd4 19. Rd1 Qe5 20. Nc4 Ne2+ 21. Kf1 Qxh2 22. Kxe2 Nd5 23. g3 Qh3 24. Rh1 Nc3+ 25. Ke1 Qxh1+ 26. Qxh1 Nxb1 27. Bb2 Bb4+ 28. Ke2 Nc3+ 29. Bxc3 Bxc3 30. Qd1 Bf6 31. Nd2 Rd8 32. Qc2 g6 33. Qc7 Rd5 34. Ne4 Re5 35. Kf3 Rf5+ 36. Ke3 Be5 37. Qxa7 Bb2 38. Qxb6 Rd5 39. Qc6 Kg7 40.
Qc2 Bd4+ 41. Ke2 h6 42. f4 f5 43. Nd2 Rd7 44. Nf3 Bf6 45. Qc6 Re7 46. Ne5 g5 47. Qd6 gxf4 48. gxf4 h5 49. Kf3 h4 50. a4 Kh6 51. Kg2 Kh5 52. Kh3 Rg7 53. Qxe6 Rg3+ 54. Kh2 Bxe5 55. Qxf5+ Kh6 56. Qe6+ Kh5 57. Qxe5+ Kg4 58.
Qg5+ Kf3 59. Qxg3+ hxg3+ 60. Kg1 Kxf4 61. Kg2 Kg4 62.
a5 1-0

[Event "*** Biggest EVER Titled Tuesday"]
[Site "Chess.com"]
[Date "2018.04.17"]
[Round "5"]
[White "jcibarra"]
[Black "djano"]
[Result "0-1"]
[WhiteElo "2588"]
[BlackElo "2470"]
[TimeControl "180+2"]
[EndTime "14:10:57 PDT"]
[Termination "djano won by resignation"]

1. e4 c5 2. Nf3 d6 3. d4 cxd4 4. Nxd4 Nf6 5. Nc3 a6 6. Be3 e5 7.
Nf3 Be7 8. Bc4 O-O 9. O-O Nbd7 10. a4 b6 11. Bg5 Bb7 12. Qe2 h6 13. Bxf6 Nxf6 14. Rfd1 Qc7 15. Nd5 Bxd5 16. Bxd5 Rac8 17. c3 Qa7 18. g3 Rc5 19. Bb3 Qb7 20. Nd2 Rd8 21. Qf3 b5 22. a5 b4 23. Ra4 bxc3 24. bxc3 Rdc8 25. Bc4 Qc6 26. Rda1 Rb8 27. Qd3 Rb2 28.
R1a2 Rxd2 29. Qxd2 Rxc4 30. Rxc4 Qxc4 31. Qe2 Qc6 32. Rb2 Qxc3 33. Rb8+ Kh7 34. Qxa6 Nxe4 35. Qe2 Nc5 36. Rb5 Qa1+ 37. Kg2 e4 38. Rxc5 dxc5 39. Qxe4+ Kg8 40. Qxe7 Qxa5 41. Qe8+ Kh7 42. Qxf7 Qa8+ 43. f3 Qc8 44. Qc4 Qc7 45. h4 h5 46. f4 Qc6+ 47.
Kf2 g6 48. Qf7+ Kh8 49. Qf8+ Kh7 50. Qf7+ Kh8 51. Ke3 c4 52. Qf8+ Kh7 53. Qe7+ Kh8 54. Qe5+ Kh7 55. f5 gxf5 56. Qxf5+ Qg6 57. Qd7+ Kh6 58.
Qc7 Qd3+ 59. Kf2 Qd2+ 60. Kf3 Qd3+ 61. Kf4 Qd4+ 62. Kf5 Qg4+ 63. Kf6 Qg6+ 64. Ke7 Qg7+ 0-1

[Event "*** Biggest EVER Titled Tuesday"]
[Site "Chess.com"]
[Date "2018.04.17"]
[Round "5"]
[White "Marcus_Harvey"]
[Black "Shant_Sargsyan"]
[Result "1/2-1/2"]
[WhiteElo "2631"]
[BlackElo "2800"]
[TimeControl "180+2"]
[EndTime "14:11:06 PDT"]
[Termination "Game drawn - insufficient material"]

1. Nf3 d5 2. g3 g6 3. Bg2 Bg7 4. O-O e5 5. c4 dxc4 6. Na3 Nc6 7. Nxc4 Nge7 8. d3 O-O 9. Rb1 Be6 10. Ng5 Bd5 11. Ne4 a5 12. Be3 b6 13. Qc1 Nf5 14. Bg5 f6 15. Bd2 Qd7 16. Ne3 Nxe3 17. Bxe3 f5 18. Nc3 Bxg2 19. Kxg2 Nd4 20. Qd2 Rad8 21.
Rfc1 Rfe8 22. f3 Qe6 23. b4 axb4 24. Rxb4 Rd7 25. Nb5 Nxb5 26. Rxb5 e4 27. fxe4 fxe4 28. d4 Rf8 29. Qc3 c5 30. Qc4 Qxc4 31. Rxc4 cxd4 32.
Bf4 d3 33. exd3 exd3 34. Rb1 Ra8 35. a4 h5 36. Kf3 Rf8 37. h4 Bh6 38. Rd1 Bxf4 39.
Rxf4 Rxf4+ 40. Kxf4 Rd4+ 41. Ke3 Rg4 42. Kf3 Rxa4 43.
Rxd3 Kg7 44. Rd6 Ra3+ 45. Kf4 Rb3 46. Rc6 Rb4+ 47. Kf3 Rb3+ 48. Kg2 Rb1 49. Kf3 b5 50. Rb6 b4 51. Kf4 Rf1+ 52. Ke3 Rb1 53. Kf4 Rf1+ 54.
Ke3 Rg1 55. Kf4 Rf1+ 56. Ke3 Rb1 57. Kf4 Kf7 58. Kg5 Rg1 59. Rf6+ Ke7 60. Rf3 Ke6 61. Kxg6 Kd6 62. Kxh5 Kc5 63. g4 Kc4 64. g5 b3 65. Rf2 Kc3 66. g6 b2 67. Rxb2 Kxb2 68.
Kh6 Kc3 69. h5 Kd4 70. Kg7 Ke5 71. h6 Kf5 72. h7 Rxg6+ 73. Kf7 Rf6+ 74. Kg7 Rg6+ 75.
Kf7 Rh6 76. Kg7 Kg5 77. h8=Q Rxh8 78. Kxh8 1/2-1/2

[Event "*** Biggest EVER Titled Tuesday"]
[Site "Chess.com"]
[Date "2018.04.17"]
[Round "5"]
[White "PulpanJ"]
[Black "Jospem"]
[Result "0-1"]
[WhiteElo "2470"]
[BlackElo "2698"]
[TimeControl "180+2"]
[EndTime "14:11:07 PDT"]
[Termination "Jospem won by checkmate"]

1. e4 c5 2. Nf3 d6 3. d4 cxd4 4. Nxd4 Nf6 5. Nc3 a6 6. Be2 e5 7. Nb3 Be7 8. O-O O-O 9. Qd3 Be6 10. Nd5 Bxd5 11. exd5 Nbd7 12. Bd2 Ne8 13. Bg4 Ndf6 14.
Be2 g6 15. Na5 Qc7 16. c4 Nd7 17. b4 f5 18. Rac1 Nef6 19. Qb3 Kg7 20. a4 Rab8 21. f4 Ne4 22. Be3 exf4 23. Bxf4 Bg5 24. Bxg5 Nxg5 25. Qe3 Ne4 26. Bd3 Rbe8 27. Nb3 Nef6 28. Qf2 Ne5 29. Be2 Ne4 30. Qe3 Kg8 31. Kh1 h5 32. c5 Ng4 33. Bxg4 hxg4 34. Nd4 Rf7 35. Ne6 Qe7 36. Qh6 Qf6 37. Qf4 dxc5 38. bxc5 Nc3 39.
Qd2 Nxd5 40. Qxd5 Qxe6 41. Qd2 Rd7 42. Qc3 Rde7 43. c6 bxc6 44. Qa5 Rh7 45. Qxa6 Qe5 46. Qc4+ Re6 47. g3 Qe2 48. Rf2 Qxc4 49. Rxc4 Rd7 50. Rfc2 Rd1+ 51. Kg2 Ree1 52. Rxc6 Kg7 53. a5 Rg1+ 54. Kf2 Rh1 55. Ke3 Rhf1 56. a6 Ra1 57. Ke2 Rh1 58. Ke3 Kh6 59. Kf4 Rae1 60. Rf2 Re4# 0-1

[Event "*** Biggest EVER Titled Tuesday"]
[Site "Chess.com"]
[Date "2018.04.17"]
[Round "5"]
[White "LordIron"]
[Black "SloLev"]
[Result "1/2-1/2"]
[WhiteElo "2133"]
[BlackElo "2373"]
[TimeControl "180+2"]
[EndTime "14:11:39 PDT"]
[Termination "Game drawn - insufficient material"]

1. d4 d5 2. c4 e6 3. Nf3 Nf6 4. g3 c6 5. Bg2 Nbd7 6. O-O Bd6 7.
Qc2 O-O 8. Rd1 Qe7 9. Bg5 h6 10. Bf4 Bxf4 11. gxf4 b6 12. Ne5 Bb7 13. Nc3 Rac8 14.
a4 a5 15. Qb3 Ba6 16. cxd5 exd5 17. Rac1 Qb4 18. Qc2 Qd6 19. Qf5 Rc7 20. Bh3 Bc8 21. Qd3 Nh5 22. Qf3 g6 23. e4 dxe4 24. Nxe4 Qd5 25.
Bg4 f5 26. Bxh5 Nxe5 27. dxe5 Qxe4 28. Qxe4 fxe4 29. Be2 Rxf4 30. Rd8+ Kg7 31. Bb5 Be6 32. Rxc6 Rxc6 33. Bxc6 Rf5 34. Rb8 Rxe5 35. Rxb6 e3 36. fxe3 Rxe3 37. Kf2 Rh3 38. Bg2 Rb3 39. Rxe6 Rxb2+ 40. Kg3 Rb3+ 41. Kf4 Rb4+ 42. Re4 Rb2 43. Kg3 Kf6 44.
Rf4+ Ke5 45. Rc4 Rb3+ 46. Bf3 Kd6 47. Rc6+ Ke5 48. Rc5+ Kf6 49. Rxa5 g5 50. Ra6+ Kg7 51.
a5 h5 52. h3 Ra3 53. Kf2 Rb3 54. Rb6 Ra3 55. a6 h4 56. Rb7+ Kf6 57. a7 Ra2+ 58. Ke3 Ra3+ 59. Ke2 Ra2+ 60. Kd1 Ra1+ 61. Kc2 Ke5 62.
Rg7 Kf4 63. Rf7+ Kg3 64. a8=Q Rxa8 65. Bxa8 Kxh3 66. Kd2 g4 67. Ke2 Kh2 68. Rh7 h3 69. Bd5 g3 70. Be6 g2 71. Rxh3+ Kg1 72. Kf3 Kf1 73.
Bc4+ Kg1 74. Rg3 Kh1 75. Bd5 g1=Q 76. Kg4+ Kh2 77. Rxg1 Kxg1 1/2-1/2

[Event "*** Biggest EVER Titled Tuesday"]
[Site "Chess.com"]
[Date "2018.04.17"]
[Round "5"]
[White "kikoveiga"]
[Black "Slovak_fighter2000"]
[Result "0-1"]
[WhiteElo "2183"]
[BlackElo "2265"]
[TimeControl "180+2"]
[EndTime "14:11:47 PDT"]
[Termination "Slovak_fighter2000 won by resignation"]

1. e4 e6 2. d4 d5 3. Nd2 a6 4.
Ngf3 c5 5. exd5 exd5 6. c3 Nf6 7.
Be2 Nc6 8. O-O Be7 9. dxc5 Bxc5 10. Nb3 Bb6 11. Bg5 O-O 12. Bxf6 Qxf6 13. Qxd5 Re8 14. Rfe1 Be6 15. Qg5 Qxg5 16. Nxg5 Bf5 17. Nf3 Rad8 18. Bc4 Bg4 19. Ng5 Ne5 20. Rxe5 Rxe5 21. Nxf7 Re4 22. Nd6+ Rxc4 23. Nxc4 Bc7 24. f3 Bf5 25. Kf2 b5 26.
Ne3 Bb6 27. Nd4 Bg6 28. Rd1 b4 29. Ke2 bxc3 30. bxc3 Bc5 31. Ne6 Rxd1 32. Nxd1 Bd6 33. Nd4 Bxh2 34. Nb2 Be5 35. Nc4 Bf6 36. Nd6 Kf8 37. Ne4 Be5 38. Nc6 Bc7 39. Nb4 a5 40. Nc6 Bf7 41. a3 Bd5 42. Nd4 Bc4+ 43. Ke3 Bd8 44. Nd2 Bf7 45. c4 Be7 46. Nc2 Bc5+ 47.
Kd3 Bg6+ 48. Ne4 Ke7 49. Kc3 Ba7 50. Nd4 Kd7 51. Nb3 Bb6 52. c5 Bc7 53. Kd4 Bf7 54.
Nbd2 Kc6 55. Nc4 Be6 56. Ne5+ Kb5 57. Nc3+ Ka6 58. Nd5 Bd8 59. c6 Bb6+ 60. Ke4 Bc5 61. Nd7 Bd6 62. Nf4 Bb3 63. Nd5 Ba4 64. Ne5 Bxe5 65.
Kxe5 Bxc6 66. Ne7 Bb7 67. Nf5 g6 68. Ne7 Kb5 69. Kf6 Ka4 70. Kg7 Kxa3 71. Kxh7 Kb4 72. Kxg6 a4 73. Nf5 a3 74. Nd4 a2 75. f4 Bxg2 76.
f5 Bd5 77. f6 Kc4 78. Nc2 Kc3 79. Na1 Kb2 80. f7 Bxf7+ 81. Kxf7 Kxa1 0-1

[Event "*** Biggest EVER Titled Tuesday"]
[Site "Chess.com"]
[Date "2018.04.17"]
[Round "5"]
[White "Parhamov"]
[Black "nikitakhoroshev"]
[Result "0-1"]
[WhiteElo "2773"]
[BlackElo "2518"]
[TimeControl "180+2"]
[EndTime "14:11:54 PDT"]
[Termination "nikitakhoroshev won by checkmate"]

1. g3 d5 2. Bg2 c6 3. Nf3 g6 4.
O-O Bg7 5. d4 Bf5 6. Nbd2 Nf6 7.
c4 O-O 8. b3 Nbd7 9. Bb2 Re8 10. e3 Bd3 11. Re1 e6 12. Qc1 Ne4 13.
Bc3 a5 14. a4 Qe7 15. Qb2 f5 16. Rec1 Nxc3 17. Qxc3 Be4 18. cxd5 exd5 19. Ne1 Bh6 20. Nd3 Bxd3 21. Qxd3 Nf6 22. Rc2 Ne4 23. Nf3 Qb4 24.
Re2 Bg7 25. Rc1 Re6 26. Ne1 Rae8 27. Qc2 Nxf2 28. Rxf2 Rxe3 29. Nd3 Qxd4 30. Bf1 Qb6 31. Kh1 R3e7 32. Re2 Rxe2 33. Bxe2 Qe3 34. Bf1 Bd4 35.
Bg2 Re7 36. Rf1 Bg7 37. Qb1 Qd4 38. Rd1 Re2 39. Nf4 Rb2 40. Qc1 Qc3 41. Qxc3 Bxc3 42. h4 Rxb3 43. Nxd5 Be5 44. Nf4 Rxg3 45. Ne6 Rg4 46.
Rd7 Rxh4+ 47. Kg1 Rxa4 48. Rxb7 Rc4 49. Bf1 Rb4 50. Rd7 a4 51. Kg2 a3 52. Ra7 Bb2 53.
Kf3 Bc1 54. Rg7+ Kh8 55. Rc7 Rb3+ 56. Kg2 Rb2+ 57. Kh1 h5 58. Bc4 Rc2 59. Bb3 Rc3 60. Ba2 Be3 61. Rc8+ Kh7 62. Rc7+ Kh6 63. Rc8 Rc1+ 64.
Kg2 g5 65. Kf3 Rc3 66. Rh8+ Kg6 67. Nf8+ Kg7 68. Rg8+ Kf6 69. Nd7+ Ke7 70. Rg7+ Kd6 71. Bg8 g4+ 72. Ke2 f4 73. Ne5 Kxe5 74. Rg5+ Kd6 75.
Rxh5 f3+ 76. Kd1 Rc1# 0-1

[Event "*** Biggest EVER Titled Tuesday"]
[Site "Chess.com"]
[Date "2018.04.17"]
[Round "5"]
[White "chegueps"]
[Black "milovanratkovic"]
[Result "1/2-1/2"]
[WhiteElo "2282"]
[BlackElo "2463"]
[TimeControl "180+2"]
[EndTime "14:12:02 PDT"]
[Termination "Game drawn by repetition"]

1. e4 c6 2. d4 d5 3. f3 e6 4. Be3 b6 5. c3 Ba6 6. Bxa6 Nxa6 7. Nd2 Nf6 8. Nh3 Be7 9. O-O O-O 10. Qe2 Nc7 11. Rad1 c5 12. Nf4 cxd4 13. cxd4 Rc8 14. Nd3 Nb5 15. Ne5 a6 16. a4 Nd6 17. Bg5 Rc2 18.
Rc1 Rxb2 19. Nc6 Qd7 20. Nxe7+ Qxe7 21. e5 Nf5 22. Rb1 Nxd4 23. Qd3 Rxb1 24. Rxb1 Qc5 25. Be3 Qc2 26. Qxd4 Nd7 27. Qb2 Qd3 28. Qd4 Qc2 29.
Re1 h6 30. Nf1 Rc8 31. Ng3 Rc4 32. Qd2 Qxd2 33. Bxd2 Rxa4 34. Rc1 Nc5 35. Be3 d4 36. Bf2 a5 37. Ne2 Nb3 38. Rb1 Nd2 39. Rd1 Nc4 40.
Bxd4 Ra2 41. Nc3 Rc2 42. Nb5 a4 43. Nd6 Nd2 44. Ra1 Nb3 45. Rxa4 b5 46. Nxb5 Kh7 47. h4 Kg6 48. g4 h5 49. Nd6 Nd2 50. Kf2 Ne4+ 51. Ke3 Ng3 52. Ra7 Nf1+ 53. Kd3 Rd2+ 54. Kc3 Rh2 55. Rxf7 Rxh4 56. gxh5+ Rxh5 57. Rf4 Kh7 58. Rg4 Nh2 59. Rg3 Nf1 60. Rg1 Nh2 61.
Rh1 Rh4 62. Bf2 Rh3 63. Kc4 Kg6 64. Bg1 Rh4+ 65. Kc5 Nxf3 66. Rxh4 Nxh4 67. Bf2 Nf3 68. Nc4 Kf5 69. Kd6 g5 70. Ne3+ Ke4 71. Ng4 Kf5 72.
Ne3+ Ke4 73. Ng4 Kf5 74. Nh6+ Kg6 75. Ng4 Kf5 76. Ne3+ Ke4 77. Ng4 Kf5 78. Ne3+ Ke4 79. Ng4 Kf5 1/2-1/2

[Event "*** Biggest EVER Titled Tuesday"]
[Site "Chess.com"]
[Date "2018.04.17"]
[Round "5"]
[White "platy3"]
[Black "OparinGrigoriy"]
[Result "0-1"]
[WhiteElo "2679"]
[BlackElo "2864"]
[TimeControl "180+2"]
[EndTime "14:12:16 PDT"]
[Termination "OparinGrigoriy won by resignation"]

1. e4 e5 2. Nf3 Nc6 3. Bb5 a6 4.
Ba4 Nf6 5. O-O Be7 6. Re1 b5 7.
Bb3 d6 8. c3 O-O 9. h3 Nb8 10.
d4 Nbd7 11. Nbd2 Bb7 12. Bc2 Re8 13. Nf1 Bf8 14. Ng3 g6 15. a4 c5 16. d5 c4 17.
Bg5 h6 18. Be3 Nc5 19. Qd2 h5 20. Ra3 Qc7 21. Rea1 Nfd7 22. Bh6 Be7 23. Bg5 Bf8 24. Be3 Nb6 25. axb5 axb5 26. Rxa8 Rxa8 27. Rxa8 Bxa8 28.
Bh6 Be7 29. Bg5 Bf8 30. Bh6 Be7 31. Bg5 Bb7 32. Ne2 Bc8 33. Nc1 Qd8 34. Be3 Nbd7 35. Na2 Nf6 36. Bxc5 dxc5 37. Nxe5 Bd6 38. Nc6 Qe8 39.
e5 Bxe5 40. Qe3 Bd6 41. Qxe8+ Nxe8 42. b3 cxb3 43. Bxb3 c4 44. Bd1 f5 45. Nab4 Nf6 46.
Bf3 Kf7 47. g3 Nd7 48. Na7 Ne5 49. Be2 Bd7 50. f4 Nd3 51. Bxd3 Bc5+ 52. Kf1 Bxa7 53.
Be2 Bc5 54. Bf3 Ke7 55. Nc6+ Kd6 56. Ne5 Be8 57. Ke2 Bb6 58. g4 fxg4 59. hxg4 h4 60.
g5 h3 61. Bg4 h2 62. Bf3 Kc5 63. Ng4 Bf7 64. Nxh2 Bxd5 65. Bxd5 Kxd5 66. Nf3 Ke4 67. Ne5 Kxf4 68. Nxg6+ Kxg5 69. Ne5 Kf5 70. Nc6 Ke4 71. Kd2 Kd5 72. Ne7+ Ke6 73. Nc6 Bc5 74. Kc2 Kd6 75.
Nd8 Be3 76. Nf7+ Ke6 77. Nd8+ Kd7 78. Nf7 Bf4 79. Nh8 Ke8 80. Ng6 Bg3 81. Kd2 Kf7 0-1

[Event "*** Biggest EVER Titled Tuesday"]
[Site "Chess.com"]
[Date "2018.04.17"]
[Round "5"]
[White "GMKrikor"]
[Black "TigranLPetrosyan"]
[Result "1-0"]
[WhiteElo "2623"]
[BlackElo "2644"]
[TimeControl "180+2"]
[EndTime "14:12:38 PDT"]
[Termination "GMKrikor won by resignation"]

1. e4 d6 2. d4 g6 3. Nc3 Bg7 4. Be3 a6 5. h4 h6 6. h5 g5 7. f4 gxf4 8. Bxf4 Nc6 9. Nf3 Bg4 10. Be3 e5 11. dxe5 Nxe5 12. Be2 Nxf3+ 13. gxf3 Be6 14. Qd2 Qf6 15. O-O-O O-O-O 16. f4 Ne7 17. Rhg1 Rhg8 18. Kb1 Nc6 19. Qc1 Rde8 20. f5 Bd7 21.
Nd5 Qh4 22. Rg4 Qh2 23. Re1 Be5 24. Bxh6 Nd4 25. Bd1 Rxg4 26. Bxg4 Rg8 27. Bd1 Rg2 28. Bf4 Bxf4 29. Qxf4 Qxf4 30. Nxf4 Rh2 31. c3 Nc6 32. Rg1 b5 33. Nd3 Ne5 34. Nxe5 dxe5 35.
Rg7 Bc6 36. Rxf7 Bxe4+ 37. Kc1 Kd8 38. f6 Bd5 39. Rg7 Ke8 40. Rxc7 Kf8 41. Rc5 Bxa2 42. Rc7 Bc4 43. Bg4 e4 44. Bf5 Rh1+ 45. Kd2 Rxh5 46. Bg6 Rd5+ 47. Ke3 Rd8 48. Kf4 Bb3 49. Bxe4 Rd6 50.
Kg5 Rd1 51. Rc8+ Kf7 52. Bg6+ Ke6 53. f7 Rg1+ 54. Kh6 Bc2 55. Bxc2 Kxf7 56. Be4 a5 57.
Rc5 b4 58. Rxa5 bxc3 59. bxc3 Kf6 60. Rf5+ Ke6 61. Rc5 Kf6 62. Bf3 Rg3 63. Bh5 Rh3 64. c4 Rh4 65. Rc6+ Kf5 66. Rc8 Kf6 67. c5 Rc4 68.
Kh7 Rh4 69. Kh6 Rc4 70. c6 Rc3 71. Kh7 Rh3 72. Kh6 Rc3 73. Rg8 Ke5 74. Rg6 Kd5 75. Rf6 Kc5 76. Bf3 Kb6 77. Kg5 Rc5+ 78. Kf4 Rc4+ 79. Be4 Rc1 80. Ke5 Rg1 81. Rf7 Rg5+ 82. Kd4 Rg8 83. Rb7+ Ka6 84. Rb1 1-0

[Event "*** Biggest EVER Titled Tuesday"]
[Site "Chess.com"]
[Date "2018.04.17"]
[Round "5"]
[White "mjray79"]
[Black "aa175"]
[Result "0-1"]
[WhiteElo "1869"]
[BlackElo "1869"]
[TimeControl "180+2"]
[EndTime "14:12:44 PDT"]
[Termination "aa175 won by checkmate"]

1. d4 e5 2. d5 c5 3. e4 d6 4. c4 f5 5. Nc3 a5 6. exf5 Bxf5 7. f4 exf4 8. Bxf4 Ne7 9. Nf3 g6 10. Bd3 Bg7 11. O-O O-O 12. Re1 Bxd3 13. Qxd3 Rxf4 14.
Qe3 Rf7 15. Qe6 Qd7 16. Ng5 Qxe6 17. Rxe6 Bd4+ 18. Kh1 Rg7 19. Rae1 Be5 20. Nb5 Na6 21. Nxd6 Bxd6 22. Rxd6 Nf5 23. Rde6 Nc7 24. R6e5 h6 25. Ne6 Nxe6 26. dxe6 Re8 27. Rxc5 Rge7 28. Rce5 b6 29. c5 bxc5 30. Rxc5 Rxe6 31. Rxe6 Rxe6 32. g4 Nh4 33.
Rc8+ Kf7 34. Rc7+ Re7 35. Rxe7+ Kxe7 36. h3 Ke6 37. Kh2 Nf3+ 38. Kg3 Ne5 39. Kf4 Nd3+ 40. Ke4 Nxb2 41. Kd4 Nd1 42. Kc5 Nc3 43. a4 Nxa4+ 44. Kb5 Nc3+ 45. Kxa5 Ne4 46. h4 Nf2 47. g5 h5 48. Kb4 Kf5 49. Kc4 Kg4 50. Kd5 Kxh4 51. Ke6 Kxg5 52. Ke5 Ng4+ 53. Ke4 Kh4 54. Kf4 g5+ 55.
Kf3 Kh3 56. Ke4 Kg3 57. Kf5 Kh4 58. Ke4 Nh2 59. Ke3 Kg3 60. Ke2 g4 61. Ke1 h4 62.
Ke2 h3 63. Ke3 Nf3 64. Ke2 h2 65. Ke3 h1=B 66. Ke2 Bg2 67. Ke3 Nh2 68. Ke2 Be4 69.
Ke3 Bf3 70. Kd2 Kf2 71. Kd3 Bg2 72. Kd2 Be4 73. Kd1 Ke3 74. Ke1 Bd3 75. Kd1 Kf2 76. Kd2 Be2 77. Kc3 Ke3 78. Kc2 Bd3+ 79. Kd1 Nf3 80.
Kc1 Ke2 81. Kb2 Kd2 82. Kb3 Ne5 83. Kb4 Nd7 84. Ka5 Kc3 85. Ka4 Nb6+ 86. Ka5 Nd5 87. Ka4 g3 88. Ka5 Kc4 89. Ka4 Bb1 90. Ka5 Bc2 91.
Ka6 Kc5 92. Ka5 Bb3 93. Ka6 Kc6 94. Ka7 Bc4 95. Kb8 Ba6 96. Ka7 Bc8 97. Kb8 Kd7 98. Ka7 Kc7 99. Ka8 g2 100. Ka7 Ne7 101. Ka8 Bb7+ 102. Ka7 g1=B# 0-1

[Event "*** Biggest EVER Titled Tuesday"]
[Site "Chess.com"]
[Date "2018.04.17"]
[Round "5"]
[White "Arystanner23"]
[Black "Iball95"]
[Result "0-1"]
[WhiteElo "2485"]
[BlackElo "2542"]
[TimeControl "180+2"]
[EndTime "14:12:56 PDT"]
[Termination "Iball95 won by checkmate"]

1. e4 c5 2. Nf3 Nc6 3. Bb5 d6 4.
Bxc6+ bxc6 5. O-O e5 6. c3 f5 7. d4 fxe4 8. Ng5 cxd4 9. cxd4 Be7 10. dxe5 Bxg5 11. Qh5+ g6 12. Qxg5 Qxg5 13. Bxg5 d5 14.
f3 h6 15. Be3 exf3 16. Rxf3 Bf5 17. Nc3 Ne7 18. Na4 O-O 19. Rc1 g5 20. Bc5 Rae8 21. Rcf1 Bc2 22. b3 Rxf3 23. Rxf3 Nf5 24. Rc3 Be4 25. Bd6 d4 26. Rc4 Bd5 27. Rc1 Kf7 28. Nc5 Rd8 29. Rf1 Kg6 30. g4 Nxd6 31. Rf6+ Kg7 32.
Rxd6 Re8 33. e6 Kf6 34. Kf2 Ke5 35. Rd7 Bxe6 36. Rxa7 Rf8+ 37. Ke1 Bxg4 38. Nd3+ Ke4 39. Nf2+ Kf3 40. Nxg4 Kxg4 41. Rd7 c5 42. b4 cxb4 43. Rxd4+ Kh3 44. Rxb4 Kxh2 45. a4 h5 46. a5 g4 47. a6 g3 48. Rh4+ Kg2 49. Rxh5 Kf3 50. a7 g2 51. Rf5+ Kg4 52. Rxf8 g1=Q+ 53. Rf1 Qxa7 54. Ke2 Qa6+ 55. Ke1 Qd3 56. Rf2 Qe3+ 57. Kf1 Qc1+ 58. Kg2 Qc6+ 59. Kf1 Kg3 60. Rd2 Qc4+ 61. Ke1 Qc3 62. Ke2 Kf4 63. Rd3 Qc4 64. Kd2 Ke4 65.
Re3+ Kd4 66. Re2 Qc3+ 67. Kd1 Qa5 68. Rd2+ Ke3 69. Rb2 Qa4+ 70. Kc1 Qa3 71. Kb1 Kd3 72. Rd2+ Ke3 73. Rb2 Qa4 74. Kc1 Kd3 75. Rb3+ Kc4 76. Rb2 Qa1+ 77. Kc2 Qe1 78. Ra2 Qe2+ 79. Kb1 Qd1+ 80.
Kb2 Qd4+ 81. Kc2 Qd3+ 82. Kb2 Kb4 83. Kc1 Qe3+ 84. Kb1 Qe4+ 85. Kc1 Kb3 86. Rd2 Qe1+ 87. Rd1 Qc3+ 88. Kb1 Qb2# 0-1